 Dungeon Crawl Stone Soup version 0.30-a0-310-g7d6cbdfea6 (webtiles) character file.

Game seed: 12149530397052273210

490 hikkokomori the Trooper (level 6, -4/53 HPs)
             Began as a Demigod Fighter on Oct 25, 2022.
             Slain by a wyvern (11 damage)
             ... on level 5 of the Dungeon.
             The game lasted 00:06:44 (4134 turns).

hikkokomori the Trooper (Demigod Fighter)           Turns: 4134, Time: 00:06:44

Health: -4/53      AC:  7    Str: 23    XL:     6   Next: 59%
Magic:  8/8        EV:  9    Int: 10    God:
Gold:   200        SH:  6    Dex: 21    Spells: 5/5 levels left

rFire   . . .      SeeInvis .    k - +0 long sword (vorpal)
rCold   . . .      Faith    .    c - +0 buckler
rNeg    . . .      Spirit   .    b - +0 scale mail
rPois   .          Reflect  .    (no helmet)
rElec   .          Harm     .    (no cloak)
rCorr   .          Rampage  .    y - +0 pair of gloves
Will    .....                    (no boots)
Stlth   ..........               (no amulet)
HPRegen 0.28/turn                t - +6 ring of strength
MPRegen 0.11/turn                (no ring)

@: mighty
A: high MP 1, forlorn, divine attributes
a: no special abilities


You were on level 5 of the Dungeon.
You visited 1 branch of the dungeon, and saw 5 of its levels.

You collected 200 gold pieces.

Inventory:

Hand Weapons
 a - a +0 long sword
 k - a +0 vorpal long sword (weapon)
Armour
 b - a +0 scale mail (worn)
 c - a +0 buckler (worn)
 y - a +0 pair of gloves (worn)
Jewellery
 t - a +6 ring of strength (left hand)
Scrolls
 e - a scroll of teleportation
 f - 4 scrolls of identify
 h - a scroll of magic mapping {unknown}
 j - a scroll of fog {unknown}
 l - 2 scrolls of noise
 m - a scroll of immolation {unknown}
 o - a scroll of poison {unknown}
 r - a scroll of summoning {unknown}
 s - a scroll of enchant weapon {unknown}
 x - a scroll of enchant armour {unknown}
Potions
 d - a potion of might
 g - a potion of degeneration {unknown}
 i - a potion of invisibility {unknown}
 n - a potion of lignification {unknown}
 q - a potion of curing {unknown}
 u - a potion of haste {unknown}
 v - a potion of ambrosia {unknown}
 w - a potion of cancellation {unknown}
Miscellaneous
 p - a box of beasts


   Skills:
 + Level 4.6 Fighting
 + Level 4.1 Long Blades
 - Level 2.6 Armour
 + Level 4.6 Shields


You had 5 spell levels left.
You didn't know any spells.
Your spell library contained the following spells:

 Spells                   Type           Power      Damage    Failure   Level
 Passwall                 Tmut/Erth      0%         N/A       88%         2
 Stone Arrow              Conj/Erth      0%         3d7       98%         3
 Cause Fear               Hex            0%         N/A       100%        4
 Eringya's Noxious Bog    Tmut/Pois      0%         N/A       100%        6
 Dragon Form              Tmut           0%         N/A       100%        7
 Dragon's Call            Summ           0%         N/A       100%        9
 Shatter                  Erth           0%         3d5*      100%        9


Dungeon Overview and Level Annotations

Branches:
Dungeon (5/15)
 Temple: D:4-7

Annotations:
D:5 4 runed translucent doors


Innate Abilities, Weirdness & Mutations

You have an increased reservoir of magic. (+10% MP)
You shall have no god before yourself.
Your divine heritage dramatically boosts your attributes as you level up.


Message History

You block the ogre's attack.
You have reached level 6!
Your experience leads to a dramatic increase in your attributes!
Your base attributes are Str 17, Int 10, Dex 17.
Increase (S)trength, (I)ntelligence, or (D)exterity?
You feel agile. x4
You barely miss the ogre. The ogre barely misses you.
You slash the ogre!
The ogre is heavily wounded.
The ogre hits you with a +0 giant club!!
Ouch! That really hurt!
You hear an angry hiss.
You slash the ogre!
You kill the ogre!
A wyvern comes into view.
Your Long Blades skill increases to level 4!
You slash the phantom!
The phantom is moderately damaged.
You block the phantom's attack.
Unknown command.
You hit the phantom.
The phantom is heavily damaged.
You block the phantom's attack.
You slash the phantom!
You destroy the phantom!
The wyvern barely misses you.
You closely miss the wyvern. The wyvern barely misses you.
The wyvern closely misses you.
You hit the wyvern.
The wyvern is lightly wounded.
The wyvern bites you. The wyvern closely misses you.
Unknown command.
You completely miss the wyvern.
The wyvern is lightly wounded.
You block the wyvern's attack. The wyvern bites you!
* * * LOW HITPOINT WARNING * * *
You hit the wyvern but do no damage.
The wyvern is lightly wounded.
You block the wyvern's attack. The wyvern bites you!
You die...

.......##
##++##..#
##8..8##.## #
#8....8#..###
###
#[....)#....##
..#
#:....)#.#...#
..#
#8....8#...###
..#
#####8T.8##.###
..#
#.l@##++##..#
..#
#.:#........##
.## ##
#.######## .#
#.# .# ..# ##
..## # .## ##
.# .## ..


You could see a wyvern.

Vanquished Creatures
  An ogre (D:5)
  A phantom (D:5)
  A scorpion (D:5)
  A howler monkey (D:5)
  2 iguanas (D:5)
  6 adders
  A worm (D:2)
  2 dart slugs
  15 orcs
  11 endoplasms
  4 giant cockroaches
  5 goblins
  11 hobgoblins
  3 jackals (D:4)
  3 quokkas
  7 ball pythons
  10 bats
  2 frilled lizards (D:2)
  6 kobolds
  10 rats
102 creatures vanquished.

Notes
Turn   | Place    | Note
-------+----------+-------------------------------------------
     0 | D:1      | hikkokomori the Demigod Fighter began the quest for the
                  | Orb.
     0 | D:1      | Reached XP level 1. HP: 18/18 MP: 3/3
   422 | D:1      | Reached XP level 2. HP: 14/25 MP: 4/4
  1042 | D:2      | Got the Secrets of Venin and the Mountains
  1107 | D:2      | Reached XP level 3. HP: 30/31 MP: 5/5
  2073 | D:3      | Reached XP level 4. HP: 35/38 MP: 6/6
  3284 | D:4      | Reached XP level 5. HP: 46/46 MP: 7/7
  3937 | D:5      | Entered Level 5 of the Dungeon
  3968 | D:5      | Noticed a black bear
  3968 | D:5      | Noticed a water moccasin
  3973 | D:5      | Found a large runed translucent door.
  3973 | D:5      | Found a large runed translucent door.
  3973 | D:5      | Found a large runed translucent door.
  3973 | D:5      | Found a large runed translucent door.
  3973 | D:5      | Noticed a troll
  4115 | D:5      | Noticed an ogre
  4125 | D:5      | Reached XP level 6. HP: 46/52 MP: 8/8
  4127 | D:5      | Noticed a wyvern
  4134 | D:5      | Slain by a wyvern

Illustrated notes

Levels and vault maps discovered:
D:1:      psy_arrival_basics, layout_loops_corners,
          hellmonk_ecumenical_altar_slurped_away
D:2:      minmay_chambers_of_ones, layout_basic, basic_altar, minmay_guardbox
D:3:      minmay_octagon_keep, layout_loops_ring, marbit_many_paths,
          mainiacjoe_overflow_surrounded_room
D:4:      layout_cave_pods
D:5:      minmay_chambers_of_threes, layout_cave_pods,
          minmay_hollow_rounded_squares

Skill      XL: |  1  2  3  4  5  6 |
---------------+-------------------+-----
Long Blades    | 2 3 4 |  4.1
Fighting       | 3 4 |  4.6
Shields        | 3 4 |  4.6
Armour         | |  2.6

Action                   |  1- 3 |  4- 6 || total
-------------------------+-------+-------++-------
Melee: Long sword        |   167 |   135 ||   302
  Use: Scroll            |       |     2 ||     2
       Potion            |       |     1 ||     1
Armor: Scale mail        |    85 |    63 ||   148
Dodge: Dodged            |    83 |    69 ||   152
Block: Buckler           |    40 |    40 ||    80

Table legend: (Time is in decaauts)
 A = Elapsed time spent in this place.
 B = Non-inter-level travel time spent in this place.
 C = Inter-level travel time spent in this place.
 D = Time resting spent in this place.
 E = Time spent auto-exploring this place.
 F = Levels seen in this place.
 G = Mean time per level.
                   A        B        C        D        E       F      G
               +--------+--------+--------+--------+--------+-----+--------+
         Total |   4223 |   4040 |    183 |    188 |   3115 |   5 |  844.6 |
       Dungeon |   4223 |   4040 |    183 |    188 |   3115 |   5 |  844.6 |
               +--------+--------+--------+--------+--------+-----+--------+

Top non-repeatable levels by time:
     D:3: 1211 daAuts
     D:1: 968 daAuts
     D:2: 964 daAuts
     D:4: 874 daAuts
     D:5: 203 daAuts
